 Dungeon Crawl Stone Soup version 0.30-a0-728-gc68057be0a (webtiles) character file.

Game seed: 17993092450508961032

33203 lunkers the Dancer (level 14, -7/125 HPs)
             Began as a Meteoran Fighter on Jan 29, 2023.
             Was a Follower of Uskayaw.
             Killed from afar by a lindwurm (18 damage)
             ... with a blast of flame
             ... on level 5 of the Lair of Beasts on Jan 30, 2023.
             The game lasted 00:21:18 (7796 turns).

lunkers the Dancer (Meteoran Fighter)               Turns: 7796, Time: 00:21:18

Health: -7/125     AC: 21    Str: 17    XL:     14   Next: 39%
Magic:  26/26      EV: 18    Int:  9    God:    Uskayaw [*.....]
Gold:   766        SH: 18    Dex: 21    Spells: 13/13 levels left

rFire   . . .      SeeInvis .    b - +3 dagger (venom)
rCold   + . .      Faith    .    v - +0 kite shield
rNeg    . . .      Spirit   .    Q - +2 ring mail {rC+}
rPois   .          Reflect  +    I - +0 helmet
rElec   .          Harm     .    i - +2 cloak
rCorr   .          Rampage  .    H - +0 pair of gloves
Will    +....                    (no boots)
Stlth   +                        l - amulet of reflection
HPRegen 0.40/turn                F - +4 ring of protection
MPRegen 0.20/turn                G - +4 ring of protection

@: about to teleport, glowing
A: sense surroundings 2, otherworldly, glowing, explore regen
a: Renounce Religion, Stomp


You were on level 5 of the Lair of Beasts.
You worshipped Uskayaw.
Uskayaw was pleased with you.
You visited 2 branches of the dungeon, and saw 14 of its levels.
You also visited: Sewer and Ossuary.

You collected 766 gold pieces.

Inventory:

Hand Weapons
 a - a +0 long sword
 b - a +3 dagger of venom (weapon)
 j - a +0 dagger of flaming
 x - a +0 rapier
 y - a +0 great sword
 R - a +0 demon whip of venom
 S - a +6 broad axe
Missiles
 J - 3 curare-tipped darts
Armour
 c - a +0 buckler
 i - a +2 cloak (worn)
 v - a +0 kite shield (worn)
 H - a +0 pair of gloves (worn)
 I - a +0 helmet (worn)
 Q - a +2 ring mail of cold resistance (worn)
Jewellery
 f - a ring of wizardry
 l - an amulet of reflection (around neck)
 o - a ring of see invisible
 r - a ring of resist corrosion
 F - a +4 ring of protection (left hand)
 G - a +4 ring of protection (right hand)
 O - a +6 ring of dexterity
 T - a ring of positive energy
Wands
 n - a wand of charming (7)
 s - a wand of iceblast (13)
 u - a wand of acid (1)
 w - a wand of digging (16)
 P - a wand of flame (22)
Scrolls
 e - 6 scrolls of enchant armour
 h - 4 scrolls of poison
 t - 4 scrolls of teleportation
 K - 3 scrolls of enchant weapon
 L - a scroll of amnesia
 N - 2 scrolls of fog
Potions
 d - 5 potions of might
 g - 5 potions of attraction
 k - 6 potions of curing
 p - 6 potions of heal wounds
 q - 3 potions of magic
 z - 2 potions of resistance {unknown}
 A - 6 potions of haste
 B - 5 potions of mutation
 C - a potion of experience {unknown}
 D - 4 potions of berserk rage
 E - 2 potions of flight {unknown}
 M - a potion of cancellation {unknown}
Miscellaneous
 m - a phantom mirror (inert)


   Skills:
 * Level 11.9 Fighting
 - Level 9.2(10.0) Short Blades
 - Level 6.1(8.9) Long Blades
 - Level 3.6 Armour
 * Level 12.3 Dodging
 * Level 11.5 Shields
 + Level 15.6 Invocations


You had 13 spell levels left.
You didn't know any spells.
Your spell library contained the following spells:

 Spells                   Type           Power      Damage    Failure   Level
 Magic Dart               Conj           0%         1d3       83%         1
 Summon Small Mammal      Summ           0%         N/A       83%         1
 Searing Ray              Conj           0%         2d4       92%         2
 Call Canine Familiar     Summ           0%         N/A       99%         3
 Summon Guardian Golem    Hex/Summ       0%         N/A       99%         3
 Tukima's Dance           Hex            0%         N/A       99%         3
 Animate Armour           Summ/Erth      0%         N/A       100%        4
 Fulminant Prism          Conj/Hex       0%         3d5       100%        4
 Passage of Golubria      Tloc           0%         N/A       100%        4
 Blade Hands              Tmut           0%         N/A       100%        5
 Yara's Violent Unravell  Hex/Tmut       0%         3d3       100%        5
 Iron Shot                Conj/Erth      0%         9d1       100%        6
 Orb of Destruction       Conj           0%         9d5       100%        7
 Spellforged Servitor     Conj/Summ      0%         N/A       100%        7


Dungeon Overview and Level Annotations

Branches:
Dungeon (9/15) Zot: 739    Temple (0/1) D:5            Lair (5/5) D:8 Zot: 798
  Slime (0/5) Lair:4        Sewer (visited)         Ossuary (visited)
  Swamp: Lair:2-3    Shoals: Lair:2-3     Snake: Lair:2-3    Spider: Lair:2-3
    Orc: D:9-12

Altars:
Sif Muna
Uskayaw
Yredelemnul
Jiyva

Shops:
D:4 =   D:8 *=:[

Annotations:
Lair:5 2 runed translucent doors


Innate Abilities, Weirdness & Mutations

You passively map the area around you.
You are easily found by Zot.
You glow in the dark.
You regain HP and MP as you explore.


Message History

You hear an angry hiss. x2
The molten gargoyle blasts magma at you!
The bolt of magma misses you.
Aiming: Iceblast
Press: ? - help, Shift-Dir - straight line, f/p - molten gargoyle
Aim: a molten gargoyle, wielding a +0 morningstar (lava, moderately damaged)
The mass of ice explodes!
The iceblast engulfs the molten gargoyle but does no damage.
The molten gargoyle is moderately damaged.
You hear a deafening roar!
The molten gargoyle blasts magma at you!
The bolt of magma hits you!
* * * LOW HITPOINT WARNING * * *
Aiming: Iceblast
Press: ? - help, Shift-Dir - straight line, f/p - molten gargoyle
Aim: a molten gargoyle, wielding a +0 morningstar (lava, moderately damaged)
The mass of ice explodes!
The iceblast engulfs the molten gargoyle but does no damage.
The molten gargoyle is moderately damaged.
You hear an angry hiss.
The molten gargoyle blasts magma at you!
The bolt of magma hits you!!
* * * LOW HITPOINT WARNING * * *
Aiming: Iceblast
Press: ? - help, Shift-Dir - straight line, f/p - molten gargoyle
Aim: a molten gargoyle, wielding a +0 morningstar (lava, moderately damaged)
The mass of ice explodes!
The iceblast engulfs the molten gargoyle but does no damage.
The molten gargoyle is moderately damaged.
You hear an angry hiss.
Aiming: Corrosive Bolt
Press: ? - help, Shift-Dir - straight line, f/p - molten gargoyle
Aim: a molten gargoyle, wielding a +0 morningstar (lava, moderately damaged, 83% to hit)
The bolt of acid misses the molten gargoyle.
As you read the scroll of teleportation, it crumbles to dust.
You feel strangely unstable.
The lindwurm roars!
The lindwurm breathes flames at you. The blast of flame hits you!!
You die...

..............####...## ####
* .......##....##
#....###### ≈
......#####..#####.....#8#8#
≈≈ ......#
*#####8#.........## ≈§#
.....###≈ ##..........8##≈≈#
.....# ≈≈##*
#.....#.......§≈#* ....##*
≈≈§# ##.....#.....#S§≈§#
...##
###≈§##8....#§....##≈≈≈§#
..##
*≈≈≈≈§§###@§9§§...######S#
..#* ~~ #§≈§#..#≈≈≈≈###
**≈≈# ..# ~*
######≈†§§§≈§≈≈≈≈≈~~ ,,≈§
.##* #8#8#..)#§§≈###### ~§
.# ~##...k###≈§##(...# ~ ≈
.# * ~~#8......#≈§# $....# ,
.# ##......≈≈§# .....+ , .#
##......§≈≈≈#(.....+, , , .#
* ~#.......§§≈≈# ,,


You could see a lindwurm (catching breath) and a molten gargoyle.

Vanquished Creatures
  A hydra (Lair:5)
  A two-headed ogre (D:9)
  A tengu warrior (D:9)
  6 death yaks (Lair:4)
  Amaemon (Lair:3)
  Urug (Lair:5)
  10 elephants
  Joseph (D:7)
  3 black mambas
  A molten gargoyle (Lair:5)
  An orange demon (Lair:3)
  7 cane toads
  3 rime drakes
  7 komodo dragons
  4 polar bears
  4 dream sheep (Lair:5)
  A raiju (shapeshifter) (D:9)
  5 blink frogs (Lair:1)
  Sigmund (D:4)
  4 wyverns
  3 basilisks
  46 yaks
  A steam dragon (Lair:5)
  Edmund (D:4)
  4 hell hounds (Lair:5)
  4 water moccasins
  Duvessa (D:6)
  An ice beast (D:5)
  A sky beast (D:7)
  2 orc warriors
  5 black bears
  2 centaurs
  3 phantoms
  2 kobold brigands (Sewer)
  3 gnoll sergeants
  13 bullfrogs
  4 scorpions
  Dowan (D:6)
  10 wights
  18 killer bees
  2 howler monkeys (D:9)
  2 gnoll boudas (D:9)
  5 hounds
  3 lava snakes (Lair:5)
  3 jellies
  2 orc priests (D:9)
  Crazy Yiuf (D:4)
  An iguana (D:4)
  5 orc wizards
  A hound zombie (Ossuary)
  6 mummies
  5 adders
  10 gnolls
  2 shadow imps
  A white imp (D:8)
  4 ufetubi
  An adder zombie (Ossuary)
  4 worms
  5 dart slugs
  12 orcs
  9 endoplasms
  2 giant cockroaches
  5 goblins
  9 hobgoblins
  12 jackals
  23 kobolds
  4 quokkas
  11 ball pythons
  5 bats
  5 frilled lizards
  3 goblin zombies (Ossuary)
  3 hobgoblin zombies
  A jackal zombie (Ossuary)
  2 kobold zombies (Ossuary)
  3 orc zombies (D:4)
  7 rats
  2 rat zombies (Ossuary)
369 creatures vanquished.

Vanquished Creatures (collateral kills)
  A hydra (Lair:5)
1 creature vanquished.

Vanquished Creatures (others)
  14 fungi
  17 plants
31 creatures vanquished.

Grand Total: 401 creatures vanquished

Notes
Turn   | Place    | Note
-------+----------+-------------------------------------------
     0 | D:1      | lunkers the Meteoran Fighter began the quest for the Orb.
     0 | D:1      | Reached XP level 1. HP: 19/19 MP: 2/2
    54 | D:1      | Reached XP level 2. HP: 20/26 MP: 3/3
   182 | D:1      | Reached XP level 3. HP: 21/31 MP: 4/4
   345 | D:1      | Found a faded altar of an unknown god.
   360 | D:1      | Prayed at the altar of an unknown god.
   360 | D:1      | Became a worshipper of Uskayaw the Reveller
   360 | D:1      | Reached * piety under Uskayaw
   476 | D:1      | Glimpsed the power of Zot.
   535 | D:2      | Reached XP level 4. HP: 38/38 MP: 5/5
   586 | D:2      | Reached ** piety under Uskayaw
   645 | D:2      | Reached skill level 1 in Invocations
   673 | D:2      | Reached skill level 5 in Long Blades
   762 | D:2      | Reached XP level 5. HP: 32/45 MP: 5/7
  1064 | D:3      | Found a shimmering blue altar of Sif Muna.
  1065 | D:3      | Found a basalt altar of Yredelemnul.
  1139 | D:3      | Found a glowing drain.
  1183 | Sewer    | Entered a sewer
  1202 | Sewer    | Noticed a kobold brigand
  1210 | Sewer    | Killed a kobold brigand
  1211 | Sewer    | Reached skill level 2 in Invocations
  1211 | Sewer    | Reached XP level 6. HP: 5/51 MP: 1/9
  1275 | Sewer    | Reached skill level 3 in Invocations
  1642 | D:4      | Reached XP level 7. HP: 46/57 MP: 10/10
  1688 | D:4      | Reached skill level 4 in Invocations
  1869 | D:4      | Found Hiabumen's Jewellery Boutique.
  1974 | D:4      | Noticed Edmund
  1984 | D:4      | Reached *** piety under Uskayaw
  1985 | D:4      | Killed Edmund
  1986 | D:4      | Reached skill level 5 in Short Blades
  1986 | D:4      | Reached skill level 5 in Invocations
  1986 | D:4      | Reached XP level 8. HP: 63/63 MP: 12/12
  1988 | D:4      | Reached **** piety under Uskayaw
  2271 | D:4      | Found a runed translucent door.
  2272 | D:4      | Noticed Crazy Yiuf
  2310 | D:4      | Noticed Sigmund
  2326 | D:4      | Killed Sigmund
  2327 | D:4      | Reached skill level 6 in Invocations
  2371 | D:4      | Killed Crazy Yiuf
  2438 | D:5      | Entered Level 5 of the Dungeon
  2467 | D:5      | Found a staircase to the Ecumenical Temple.
  2545 | D:5      | Found a sand-covered staircase.
  2557 | Ossuary  | Entered an ossuary
  2703 | Ossuary  | Gained mutation: You passively map the area around you.
                  | [Meteoran growth]
  2703 | Ossuary  | Reached XP level 9. HP: 66/70 MP: 15/15
  2750 | Ossuary  | Reached skill level 7 in Invocations
  3067 | D:5      | Reached skill level 8 in Invocations
  3297 | D:6      | Reached skill level 9 in Invocations
  3325 | D:6      | Noticed Duvessa
  3326 | D:6      | Noticed Dowan
  3338 | D:6      | Killed Duvessa
  3339 | D:6      | Reached skill level 10 in Invocations
  3343 | D:6      | Killed Dowan
  3443 | D:6      | Reached skill level 11 in Invocations
  3701 | D:7      | Noticed Joseph
  3712 | D:7      | Killed Joseph
  3713 | D:7      | Reached skill level 12 in Invocations
  3713 | D:7      | Reached XP level 10. HP: 77/77 MP: 18/20
  3930 | D:7      | Reached skill level 1 in Dodging
  4282 | D:8      | Found a staircase to the Lair.
  4284 | D:8      | Noticed an elephant
  4333 | D:8      | Found Dul Zyof's Jewellery Shop.
  4362 | D:8      | Killed an elephant
  4363 | D:8      | Reached skill level 5 in Fighting
  4363 | D:8      | Reached skill level 13 in Invocations
  4394 | D:8      | Found Mitaroa's Book Emporium.
  4425 | D:8      | Reached skill level 5 in Shields
  4474 | D:8      | Reached skill level 5 in Dodging
  4475 | D:8      | Reached ***** piety under Uskayaw
  4522 | D:8      | Found Wimeug Mal's Antique Armour Shoppe.
  4716 | D:8      | Found Empiodyu's General Store.
  4773 | D:9      | Noticed a two-headed ogre
  4779 | D:9      | Reached XP level 11. HP: 60/89 MP: 21/21
  4798 | D:9      | Killed a two-headed ogre
  5194 | D:9      | Noticed a tengu warrior
  5241 | D:9      | Killed a tengu warrior
  5340 | Lair:1   | Entered Level 1 of the Lair of Beasts
  5378 | Lair:1   | Reached skill level 14 in Invocations
  5378 | Lair:1   | Reached XP level 12. HP: 40/103 MP: 19/23
  5686 | Lair:2   | You fall into a shaft and drop 1 floor!
  6103 | Lair:3   | Noticed Amaemon
  6115 | Lair:3   | Reached XP level 13. HP: 67/112 MP: 15/24
  6120 | Lair:3   | Killed Amaemon
  6188 | Lair:3   | Reached skill level 10 in Dodging
  6469 | Lair:4   | Noticed a death yak
  6470 | Lair:4   | Noticed a death yak
  6470 | Lair:4   | Noticed a death yak
  6470 | Lair:4   | Noticed a death yak
  6470 | Lair:4   | Noticed a death yak
  6471 | Lair:4   | Noticed a death yak
  6527 | Lair:4   | Killed a death yak
  6528 | Lair:4   | Reached skill level 10 in Fighting
  6528 | Lair:4   | Killed a death yak
  6536 | Lair:4   | Killed a death yak
  6547 | Lair:4   | Killed a death yak
  6561 | Lair:4   | Killed a death yak
  6580 | Lair:4   | Killed a death yak
  6606 | Lair:4   | Found a viscous altar of Jiyva.
  6607 | Lair:4   | Found a staircase to the Slime Pits.
  6811 | Lair:5   | Entered Level 5 of the Lair of Beasts
  6907 | Lair:5   | Noticed an eight-headed hydra
  6914 | Lair:5   | Reached skill level 15 in Invocations
  6923 | Lair:5   | Killed an eight-headed hydra
  6924 | Lair:5   | Reached skill level 10 in Shields
  7147 | Lair:5   | Reached XP level 14. HP: 116/124 MP: 26/26
  7185 | Lair:5   | Reached ****** piety under Uskayaw
  7193 | Lair:5   | Upgraded the game from 0.30-a0-726-gd89dcf765f to
                  | 0.30-a0-728-gc68057be0a
  7396 | Lair:5   | Noticed Urug
  7423 | Lair:5   | Killed Urug
  7620 | Lair:5   | Found a large runed translucent door.
  7627 | Lair:5   | Found a large runed translucent door.
  7796 | Lair:5   | Killed from afar by a lindwurm

Illustrated notes

Levels and vault maps discovered:
D:1:      psy_arrival_statuary, layout_basic,
          shapermc_ecumenical_altar_totnotflames, minmay_tall_x
D:2:      layout_rooms, minmay_misc_feat_ornament
D:3:      layout_basic, grunt_temple_overflow_open,
          cheibrodos_sewer_entry_drain, dk_vineyard_3
D:4:      layout_basic, serial_shops, shop, minmay_mini_ossuary,
          uniq_crazy_yiuf_cottage, uniq_sigmund, uniq_edmund
D:5:      layout_basic, temple_fountains, gup_ossuary_entry_pyramid
D:6:      layout_rooms, mainiacjoe_overflow_alcove_4, uniq_duvessa
D:7:      layout_loops_ring, uniq_joseph
D:8:      layout_loops_ring, david_lair_generic, serial_shops,
          nicolae_shop_crystal, nicolae_shop_stone, shop_fountains,
          nicolae_diamond_shop, shop_fountains
D:9:      layout_cave_pools, serial_gnoll_camp, gnoll_camp_mini_hut,
          gnoll_camp_huts_basic, gnoll_camp_mini_basic, gnoll_camp_mini_hut,
          minmay_fountain_box, minmay_bent
Lair:1:   layout_chaotic_city, infiniplex_staircase_pool_2, lemuel_fruit_tree
Lair:2:   layout_regular_city, minmay_swamp_entry_swarm, dummy_snake_entry
Lair:3:   layout_chaotic_city, grunt_forest_stairs_basic, grunt_megastairs_5,
          uniq_amaemon
Lair:4:   layout_layer_cave, slime_entry_1, lemuel_fruit_fields
Lair:5:   cheibrodos_lair_end_hotspot, layout_regular_city, uniq_urug

Skill      XL: |  1  2  3  4  5  6  7  8  9 10 11 12 13 14 |
---------------+-------------------------------------------+-----
Long Blades    | 3 4 5 6 |  6.1
Invocations    | 1 2 3 5 6 12 13 14 15 | 15.6
Short Blades   | 2 5 7 9 |  9.2
Dodging        | 5 8 9 11 12 | 12.3
Shields        | 5 6 8 10 11 | 11.5
Fighting       | 5 8 9 11 | 11.9
Armour         | |  3.6

Action                     |  1- 3 |  4- 6 |  7- 9 | 10-12 | 13-15 || total
---------------------------+-------+-------+-------+-------+-------++-------
  Melee: Long sword        |    98 |   116 |       |       |       ||   214
         Dagger            |       |    59 |   397 |   630 |   509 ||  1595
 Invoke: Stomp             |       |     2 |     3 |    21 |    17 ||    43
  Evoke: Wand              |       |       |     1 |       |     8 ||     9
         Phantom mirror    |       |       |       |     1 |     1 ||     2
    Use: Scroll            |       |    10 |     6 |     4 |     3 ||    23
         Potion            |       |     1 |     1 |       |     1 ||     3
   Stab: Paralysed         |       |       |     9 |    36 |    18 ||    63
 Armour: Scale mail        |    64 |    87 |   110 |   189 |       ||   450
         Ring mail         |       |       |       |   130 |   170 ||   300
  Dodge: Dodged            |    46 |    42 |    73 |   246 |   143 ||   550
  Block: Buckler           |    30 |    99 |   149 |   195 |       ||   473
         Reflection        |       |     6 |     5 |     4 |     6 ||    21
         Kite shield       |       |       |       |   301 |   376 ||   677

Table legend: (Time is in decaauts)
 A = Elapsed time spent in this place.
 B = Non-inter-level travel time spent in this place.
 C = Inter-level travel time spent in this place.
 D = Time resting spent in this place.
 E = Time spent auto-exploring this place.
 F = Levels seen in this place.
 G = Mean time per level.
                   A        B        C        D        E       F      G
               +--------+--------+--------+--------+--------+-----+--------+
         Total |   7336 |   7018 |    318 |     16 |   4375 |  16 |  458.5 |
       Dungeon |   4660 |   4367 |    293 |      0 |   2802 |   9 |  517.8 |
          Lair |   2200 |   2175 |     25 |      0 |   1334 |   5 |  440.0 |
         Sewer |    261 |    261 |      0 |      0 |    142 |   1 |  261.0 |
       Ossuary |    213 |    213 |      0 |     16 |     96 |   1 |  213.0 |
               +--------+--------+--------+--------+--------+-----+--------+

Top non-repeatable levels by time:
  Lair:5: 851 daAuts
     D:4: 784 daAuts
     D:7: 707 daAuts
  Lair:3: 699 daAuts
     D:5: 543 daAuts
     D:1: 529 daAuts
     D:2: 507 daAuts
     D:9: 467 daAuts
     D:8: 437 daAuts
     D:3: 391 daAuts
  Lair:4: 325 daAuts
  Lair:1: 324 daAuts
     D:6: 293 daAuts
   Sewer: 261 daAuts
 Ossuary: 213 daAuts
